Map: Sequencer LE

Players

Scarlett

  • Race: Zerg Zerg
  • Spawn Location: 7:00

TRUE - Winner!

  • Race: Zerg Zerg
  • Spawn Location: 1:00

Event: WCS Jonkoping 2017

VOD

Have the link to the VOD?

Description

Time

  • Played on: June 17, 2017, 2:54 p.m.
  • Length: 10:57

All games in this series

Show
View Real Time Build Order
Export as new Build Order

Scarlett Zerg 

Build Orders: Hatch First 

Get SALT Encoding   

  12  0:00  Drone  
  13  0:12  Overlord  
  14  0:21  Drone  
  14  0:31  Drone x2  
  14  0:34  Drone  
  17  0:52  Hatchery  
  17  0:54  Drone  
  17  0:57  Drone  
  17  1:03  Extractor  
  17  1:12  Spawning Pool  
  17  1:16  Drone  
  17  1:20  Drone  
  18  1:28  Drone  
  19  1:38  Overlord  
  19  1:49  Drone  
  20  1:59  Queen  
  20  2:00  Zergling x2  
  23  2:04  Queen, Metabolic Boost  
  23  2:06  Zergling x2  
  26  2:11  Drone  
  27  2:16  Drone  
  27  2:21  Drone  
  29  2:24  Baneling Nest  
  28  2:31  Drone  
  28  2:32  Drone  
  30  2:38  Drone  
  30  2:42  Queen  
  33  2:49  Drone x2  
  35  2:53  Zergling x2  
  36  2:59  Overlord  
  36  3:08  Hatchery  
  36  3:10  Drone  
  36  3:13  Baneling  
  36  3:14  Baneling  
  36  3:17  Drone x2  
  36  3:19  Drone  
  39  3:21  Drone  
  39  3:23  Drone  
  39  3:25  Drone  
  42  3:32  Drone x2  
  44  3:41  Overlord  
  44  3:44  Extractor  
  44  3:47  Drone  
  44  3:53  Overlord  
  44  4:00  Drone x7  
  44  4:02  Lair  
  51  4:09  Evolution Chamber, Drone  
  52  4:10  Drone  
  52  4:12  Drone  
  52  4:13  Extractor  
  52  4:21  Drone  
  52  4:22  Drone x3  
  56  4:26  Drone x2, Overlord  
  56  4:27  Drone  
  59  4:32  Roach Warren  
  59  4:35  Zerg Missile Weapons Level 1  
  59  4:37  Drone x2  
  60  4:42  Drone x2  
  62  4:46  Extractor  
  62  4:47  Drone x3, Overlord  
  64  4:56  Queen x2  
  68  5:01  Drone  
  68  5:02  Drone x3  
  71  5:07  Infestation Pit  
  71  5:08  Zergling x4, Overlord  
  71  5:11  Overseer  
  72  5:15  Queen  
  72  5:19  Extractor  
  73  5:25  Glial Reconstitution  
  73  5:29  Drone x2  
  73  5:35  Queen  
  77  5:36  Drone x3  
  77  5:37  Drone  
  77  5:41  Hatchery  
  77  5:42  Queen  
  79  5:44  Zergling x6  
  84  5:51  Queen  
  85  5:59  Baneling x2  
  85  6:07  Zergling x14  
  85  6:10  Zergling x2  
  85  6:11  Zergling x2, Overlord  
  90  6:15  Infestor, Overlord x2  
  80  6:24  Infestor  
  80  6:25  Infestor  
  79  6:31  Baneling  
  79  6:32  Baneling  
  72  6:38  Zerg Missile Weapons Level 2  
  72  6:39  Infestor x2  
  76  6:43  Drone x3  
  78  6:49  Spore Crawler  
  77  6:54  Drone x5  
  77  6:59  Burrow  
  82  7:01  Unknown  
  82  7:02  Unknown  
  82  7:05  Drone x5  
  87  7:10  Overlord  
  87  7:15  Hydralisk Den  
  86  7:22  Drone x6  
  92  7:23  Drone  
  92  7:28  Spore Crawler  
  85  7:41  Roach x6  
  97  7:47  Drone x3  
  99  7:54  Muscular Augments, Drone  
  99  7:55  Drone  
  99  8:03  Overlord  
  99  8:04  Unknown  
  99  8:09  Hatchery  
  99  8:12  Overlord x2  
  98  8:15  Overlord x2  
  98  8:22  Infestor x3  
  98  8:23  Drone  
  98  8:24  Drone  
  106  8:30  Drone x10  
  106  8:31  Drone x4  
  106  8:40  Infestor  
  101  8:51  Drone  
  101  8:52  Drone x2  
  104  8:58  Hydralisk x2  
  104  9:01  Hatchery, Baneling x2  
  107  9:06  Roach  
  109  9:11  Drone x2  
  109  9:12  Drone x3  
  109  9:14  Drone x2  
  116  9:20  Roach x3  
  122  9:31  Hydralisk x4  
  129  9:42  Roach x2  
  129  9:43  Roach x2, Overlord  
  129  9:44  Overlord x2  
  137  9:50  Baneling x6  
  137  9:55  Spore Crawler  
  137  9:57  Overlord  
  137  9:58  Overlord  
  136  10:05  Roach x4  
  144  10:10  Spore Crawler  
  143  10:21  Ravager x4  
Show
View Real Time Build Order
Export as new Build Order

TRUE Zerg - Winner!

Build Orders: Hatch First, Lurkers 

Get SALT Encoding   

  12  0:00  Drone  
  13  0:12  Overlord  
  13  0:17  Drone  
  14  0:30  Drone  
  14  0:31  Drone  
  14  0:34  Drone  
  17  0:52  Hatchery  
  17  0:55  Drone  
  17  1:02  Extractor  
  16  1:06  Drone  
  17  1:13  Spawning Pool  
  17  1:16  Drone  
  17  1:21  Drone  
  18  1:27  Drone  
  19  1:38  Overlord  
  19  1:55  Drone  
  19  1:59  Queen  
  19  2:01  Drone  
  23  2:03  Queen  
  23  2:04  Metabolic Boost  
  25  2:09  Drone  
  25  2:11  Drone  
  25  2:15  Drone  
  28  2:21  Drone  
  29  2:28  Baneling Nest  
  29  2:29  Zergling x2  
  29  2:32  Drone  
  30  2:37  Drone  
  30  2:43  Drone  
  32  2:51  Hatchery  
  32  2:55  Zergling x2, Drone  
  33  2:59  Overlord  
  33  3:07  Zergling x2  
  33  3:08  Queen  
  36  3:19  Drone x5  
  41  3:21  Drone  
  41  3:23  Zergling x2  
  43  3:27  Overlord  
  43  3:29  Drone  
  44  3:37  Baneling x2  
  44  3:39  Overlord  
  44  3:45  Drone  
  44  3:46  Drone  
  46  3:49  Drone x4  
  46  3:50  Drone  
  51  3:58  Drone  
  51  4:01  Drone  
  52  4:03  Overlord  
  52  4:10  Zergling x2  
  52  4:13  Extractor  
  52  4:14  Lair  
  52  4:21  Drone x6  
  59  4:24  Drone x3  
  59  4:25  Drone  
  59  4:27  Extractor  
  59  4:29  Extractor  
  60  4:34  Drone  
  60  4:35  Extractor  
  60  4:39  Drone x2  
  60  4:45  Drone x3  
  64  4:46  Drone x3  
  67  4:55  Overlord  
  67  5:00  Zergling x10  
  67  5:03  Zergling x4  
  74  5:13  Overlord  
  74  5:14  Spire, Zergling x6  
  74  5:15  Zergling x6  
  74  5:18  Hatchery  
  78  5:24  Overlord  
  77  5:29  Zergling x4  
  77  5:31  Overseer  
  77  5:32  Unknown, Zergling x4  
  77  5:33  Zergling x4  
  77  5:34  Zergling x4  
  84  5:44  Zergling x2  
  84  5:45  Zergling x2  
  84  5:46  Zergling x2, Drone x2  
  89  5:55  Zergling x2  
  89  6:02  Extractor  
  87  6:04  Zergling x4  
  82  6:25  Mutalisk  
  78  6:28  Mutalisk  
  78  6:31  Mutalisk x6  
  87  6:33  Mutalisk  
  87  6:34  Mutalisk x3  
  87  6:35  Mutalisk  
  94  6:43  Drone  
  94  6:44  Drone  
  95  6:48  Overlord  
  95  6:50  Evolution Chamber, Mutalisk, Hydralisk Den  
  95  6:53  Zergling x4  
  97  6:56  Zergling x2  
  97  6:58  Zergling x2  
  99  7:02  Zergling x2  
  99  7:04  Zergling x2  
  99  7:06  Drone x2  
  99  7:07  Overlord  
  103  7:08  Drone x3  
  103  7:09  Queen, Drone x2  
  103  7:10  Extractor  
  103  7:12  Mutalisk  
  111  7:17  Overlord  
  111  7:23  Overlord  
  107  7:30  Mutalisk x4  
  107  7:31  Mutalisk  
  107  7:36  Mutalisk  
  113  7:41  Mutalisk  
  113  7:43  Zergling x10  
  113  7:44  Zergling x6  
  111  7:46  Zergling x2  
  111  7:47  Zergling x4  
  113  7:51  Zergling x2  
  113  7:52  Zergling x2  
  113  7:58  Mutalisk x2  
  111  8:01  Drone x3  
  111  8:05  Mutalisk  
  120  8:07  Lurker Den  
  120  8:12  Drone  
  121  8:18  Hydralisk x4  
  129  8:23  Zergling x8  
  129  8:24  Zergling x4  
  135  8:32  Zergling x2  
  134  8:39  Zergling x20  
  133  8:42  Zergling x4  
  133  8:48  Overlord x3  
  130  8:50  Zerg Missile Weapons Level 1  
  130  8:51  Overlord  
  128  8:59  Overlord  
  128  9:06  Overseer  
  128  9:08  Hydralisk x5  
  138  9:12  Zergling x8  
  138  9:15  Zergling x6  
  145  9:21  Hydralisk x3  
  145  9:23  Zergling x2  
  151  9:35  Lurker  
  151  9:36  Lurker x7  
  151  9:37  Overlord x3  
  159  9:39  Overlord  
  159  9:40  Overlord x2  
  159  9:41  Overlord x2  
  159  9:44  Roach Warren, Overlord  
  158  9:53  Overlord x3  
  158  9:59  Lurker x3  
  161  10:01  Zergling x20  
  171  10:21  Lurker  
  166  10:32  Roach x14  
  166  10:33  Roach  
  183  10:36  Roach  
  183  10:37  Roach x2  
Tags
 
Add a new tag
Caveats
  • Supply blocks, unpowered buildings, or Contaminate may cause inaccurate times.
  • Supply counts are checked every 10 seconds.